[ AOE2 MATCH · #505097877 ]
UnrankedByzantines vs Burmese
Player's team · WIN
Rival team · LOSS
[ REPLAY ANALYSIS · EXTRACTED FROM THE RECORDED GAME ]
Feudal
—
Castle
—
Imperial
—
| APM avg | 45.0 |
| APM peak | 51 |
| eAPM avg | 22.5 |
| Villagers / military | 22 / 0 |
Focus
⚔️ 33.6% · 🌾 66.4%
Feudal
—
Castle
—
Imperial
—
| APM avg | 42.9 |
| APM peak | 71 |
| eAPM avg | 20.9 |
| Villagers / military | 24 / 0 |
Focus
⚔️ 19.8% · 🌾 80.2%
Match map
Initial resources + every placement click. Lines = walls · curves = elevation contours. ◆ gold · ⬟ stone · ● berries · ✦ relic · ◌ wall gap
Your base
joeharry10's base
Smoothed initial terrain · ◌ = detected wall gap · hover for details
Inputs per minute
— scoop - - joeharry10
Build order — scoop
44 actions detected in the replay
| 0:00 | Queue | Villager (Male) |
| 0:01 | Queue | Villager (Male) |
| 0:01 | Build | House |
| 0:02 | Build | House |
| 0:05 | Queue | Villager (Male) |
| 0:17 | Research | Loom |
| 0:19 | Queue | Villager (Male) |
| 0:34 | Queue | Villager (Male) |
| 0:53 | Queue | Villager (Male) |
| 1:26 | Build | Palisade Wall |
| 1:32 | Build | Palisade Wall |
| 1:33 | Queue | Villager (Male) |
| 2:26 | Queue | Villager (Male) |
| 3:05 | Queue | Villager (Male) |
| 3:12 | Build | Palisade Wall |
| 3:14 | Build | Palisade Wall |
| 3:32 | Queue | Villager (Male) |
| 3:40 | Build | Palisade Wall |
| 4:13 | Queue | Villager (Male) |
| 4:39 | Build | House |
| 4:54 | Queue | Villager (Male) |
| 5:54 | Build | Palisade Wall |
| 6:01 | Build | Palisade Wall |
| 6:09 | Queue | Villager (Male) |
| 6:09 | Queue | Villager (Male) |
| 6:13 | Build | Palisade Wall |
| 6:15 | Build | Palisade Wall |
| 6:17 | Build | Palisade Wall |
| 6:25 | Queue | Villager (Male) |
| 6:33 | Build | Lumber Camp |
| 6:52 | Queue | Villager (Male) |
| 6:59 | Queue | Villager (Male) |
| 7:25 | Queue | Villager (Male) |
| 7:28 | Build | House |
| 7:34 | Build | Palisade Wall |
| 7:35 | Build | Palisade Wall |
| 7:37 | Build | Palisade Wall |
| 7:38 | Build | Palisade Wall |
| 8:02 | Build | Mill |
| 8:05 | Queue | Villager (Male) |
| 8:14 | Queue | Villager (Male) |
| 8:19 | Queue | Villager (Male) |
| 8:37 | Build | House |
| 8:39 | Queue | Villager (Male) |
Build order — joeharry10
35 actions detected in the replay
| 0:00 | Queue | Villager (Male) |
| 0:00 | Queue | Villager (Male) |
| 0:01 | Queue | Villager (Male) |
| 0:02 | Build | House |
| 0:04 | Build | House |
| 0:41 | Queue | Villager (Male) |
| 1:29 | Queue | Villager (Male) |
| 1:57 | Research | Loom |
| 2:16 | Queue | Villager (Male) |
| 2:35 | Queue | Villager (Male) |
| 2:53 | Build | Palisade Wall |
| 3:05 | Queue | Villager (Male) |
| 3:47 | Queue | Villager (Male) |
| 4:06 | Queue | Villager (Male) |
| 4:38 | Build | Palisade Wall |
| 4:43 | Queue | Villager (Male) |
| 4:55 | Build | Palisade Wall |
| 4:58 | Queue | Villager (Male) |
| 5:16 | Build | House |
| 5:31 | Queue | Villager (Male) |
| 5:31 | Queue | Villager (Male) |
| 5:44 | Build | Lumber Camp |
| 6:21 | Queue | Villager (Male) |
| 6:21 | Queue | Villager (Male) |
| 6:21 | Queue | Villager (Male) |
| 6:36 | Queue | Villager (Male) |
| 6:59 | Queue | Villager (Male) |
| 7:00 | Queue | Villager (Male) |
| 7:07 | Build | House |
| 8:03 | Queue | Villager (Male) |
| 8:03 | Queue | Villager (Male) |
| 8:04 | Queue | Villager (Male) |
| 8:07 | Build | House |
| 8:20 | Build | Mill |
| 8:28 | Queue | Villager (Male) |
Match timeline
| 1:26 | scoop · wall_segment Palisade Wall x3 |
| 1:32 | scoop · wall_segment Palisade Wall x1 |
| 2:53 | joeharry10 · wall_segment Palisade Wall x8 |
| 3:12 | scoop · wall_segment Palisade Wall x1 |
| 3:14 | scoop · wall_segment Palisade Wall x1 |
| 3:40 | scoop · wall_segment Palisade Wall x1 |
| 4:38 | joeharry10 · wall_segment Palisade Wall x1 |
| 4:55 | joeharry10 · wall_segment Palisade Wall x9 |
| 5:54 | scoop · wall_segment Palisade Wall x1 |
| 6:01 | scoop · wall_segment Palisade Wall x1 |
| 6:13 | scoop · wall_segment Palisade Wall x1 |
| 6:15 | scoop · wall_segment Palisade Wall x1 |
| 6:17 | scoop · wall_segment Palisade Wall x1 |
| 7:34 | scoop · wall_segment Palisade Wall x1 |
| 7:35 | scoop · wall_segment Palisade Wall x1 |
| 7:37 | scoop · wall_segment Palisade Wall x1 |
| 7:38 | scoop · wall_segment Palisade Wall x1 |
| 8:49 | joeharry10 · resign |
[ AI ANALYSIS · 1 CREDIT ]
What really happened in this match?
Wolo.gg analyzes every decision: build order, eco, micro, common mistakes by bracket. Personalized analysis on WhatsApp or Discord in 30 seconds.
Civ guide
Byzantines
Perfil
Jugador #4365996